 Dungeon Crawl Stone Soup version 0.28-a0-1152-g9c71ebef14 (webtiles) character file.

Game seed: 3528688984151636561

28 tgiblernsday the Poker (level 2, -2/22 HPs)
             Began as a Demonspawn Gladiator on Dec 14, 2021.
             Slain by an orc wizard (4 damage)
             ... on level 2 of the Dungeon.
             The game lasted 00:05:04 (1180 turns).

tgiblernsday the Poker (Demonspawn Gladiator)       Turns: 1180, Time: 00:05:05

Health: -2/22      AC:  4    Str: 14    XL:     2   Next: 96%
Magic:  2/2        EV: 16    Int:  9    God:
Gold:   70         SH:  0    Dex: 14    Spells: 1/1 levels left

rFire   . . .      SeeInvis .   a - +0 trident
rCold   . . .      Faith    .   (no shield)
rNeg    . . .      Spirit   .   b - +0 leather armour
rPois   .          Reflect  .   c - +0 helmet
rElec   .          Harm     .   (no cloak)
rCorr   .          Rampage  .   (no gloves)
Will    .....                   (no boots)
Stlth   +.........              (no amulet)
HPRegen 0.07/turn               i - +4 ring of evasion
MPRegen 0.08/turn               (no ring)

@: no status effects
A: weakness stinger 1
a: no special abilities


You were on level 2 of the Dungeon.
You visited 1 branch of the dungeon, and saw 2 of its levels.

You collected 70 gold pieces.

Inventory:

Hand Weapons
 a - a +0 trident (weapon)
Missiles
 d - 3 throwing nets
 e - 11 stones (quivered)
Armour
 b - a +0 leather armour (worn)
 c - a +0 helmet (worn)
Jewellery
 i - a +4 ring of evasion (left hand)
Scrolls
 g - a scroll of identify {unknown}
 j - a scroll of teleportation {unknown}
 k - a scroll of summoning {unknown}
 m - a scroll of fog {unknown}
 n - a scroll of brand weapon {unknown}
Potions
 f - a potion of might {unknown}
 h - a potion of lignification {unknown}
 l - a potion of mutation {unknown}


   Skills:
 - Level 2.0 Fighting
 + Level 3.1 Polearms
 + Level 2.2 Throwing
 + Level 0.4 Armour
 + Level 2.9 Dodging
 + Level 0.3 Stealth


You had one spell level left.
You didn't know any spells.
Your spell library was empty.

Dungeon Overview and Level Annotations

Branches:
Dungeon (2/15)

Altars:


Innate Abilities, Weirdness & Mutations

You have a small tail.


Message History

You hit the orc.
You kill the orc!
You see here a +0 trident.
You closely miss the orc. The orc hits you with a +0 hand axe.
You hit the orc.
The orc is heavily wounded.
The orc misses you.
You hit the orc.
You kill the orc!
e - 7 stones (gained 1)
You see here a +0 hand axe.
You see here a +0 trident.
Things that are here:
a +0 dagger; a kobold corpse You see here a +0 trident.
You see here a +0 hand axe.
e - 8 stones (gained 1)
e - 9 stones (gained 1)
An orc wizard comes into view. It is wielding a +0 dagger.
e - 11 stones (gained 2)
The orc wizard shouts!
The orc wizard gestures wildly while chanting.
The orc wizard flickers and vanishes!
Deactivating autopickup; reactivate with Ctrl-A.
An adder comes into view.
Something hits you.
You miss something. Something barely misses you.
You miss something.
You hear some strange, mumbled words.
A magic dart appears from out of thin air!
The magic dart hits you!
* * * LOW HITPOINT WARNING * * *
You completely miss something. Something closely misses you.
You miss something. Something hits you.
* * * LOW HITPOINT WARNING * * *
You miss something.
Your tail-slap misses something.
Something hits you but does no damage.
A ball python comes into view.
You miss something.
Your tail-slap misses something.
Something hits you.
You die...

#.# #.#
... #.#
#.# #.#
#{# .#
#@##..#
###....S#
#......##
#.######
#.# #.#
#)# ..#
#)# #.#
#)# #.#


You could see a ball python.

Vanquished Creatures
  2 orcs (D:2)
  3 endoplasms (D:1)
  A goblin (D:1)
  2 hobgoblins (D:1)
  2 quokkas (D:1)
  2 ball pythons (D:1)
  4 bats (D:1)
  A frilled lizard (D:1)
  5 kobolds
  2 rats (D:1)
24 creatures vanquished.

Vanquished Creatures (others)
  A plant (D:1)
1 creature vanquished.

Grand Total: 25 creatures vanquished

Notes
Turn   | Place    | Note
-------+----------+-------------------------------------------
     0 | D:1      | tgiblernsday the Demonspawn Gladiator began the quest for
                  | the Orb.
     0 | D:1      | Reached XP level 1. HP: 16/16 MP: 1/1
   265 | D:1      | Gained mutation: You have a small tail. [demonic ancestry]
   265 | D:1      | Reached XP level 2. HP: 22/22 MP: 2/2
   477 | D:1      | Reached skill level 3 in Polearms
  1178 | D:2      | HP: 1/22 [something (2)]
  1180 | D:2      | Slain by an orc wizard

Illustrated notes

Levels and vault maps discovered:
D:1:      dpeg_arrival_tiny_a, layout_loops_ring, serial_forest,
          infiniplex_forest_end_1, infiniplex_forest_pool,
          infiniplex_forest_clump_long, infiniplex_forest_side_room,
          infiniplex_forest_clump_long, infiniplex_forest_corner_1,
          minmay_misc_feat_five, minivault_4
D:2:      layout_loops_ring, serial_bayou_pond_d

Skill      XL: |  1  2 |
---------------+-------+-----
Throwing       | 2 |  2.2
Polearms       | 3 |  3.1
Fighting       | |  2.0
Armour         | |  0.4
Dodging        | |  2.9
Stealth        | |  0.3

Action                   || total
-------------------------++-------
Melee: Trident           ||    50
       Tailslap          ||     3
Throw: Stone             ||    52
Armor: Leather armour    ||     8
Dodge: Dodged            ||    29

Table legend: (Time is in decaauts)
 A = Elapsed time spent in this place.
 B = Non-inter-level travel time spent in this place.
 C = Inter-level travel time spent in this place.
 D = Time resting spent in this place.
 E = Time spent auto-exploring this place.
 F = Levels seen in this place.
 G = Mean time per level.
                   A        B        C        D        E       F      G
               +--------+--------+--------+--------+--------+-----+--------+
         Total |   1187 |   1117 |     70 |      0 |    916 |   2 |  593.5 |
       Dungeon |   1187 |   1117 |     70 |      0 |    916 |   2 |  593.5 |
               +--------+--------+--------+--------+--------+-----+--------+

Top non-repeatable levels by time:
     D:1: 1114 daAuts
     D:2: 73 daAuts
